 Dungeon Crawl Stone Soup version 0.14-b1-49-gc72db44 (webtiles) character file.

2314 Sachiko the Grappler (level 9, -1/85 HPs)
             Began as a Troll Monk on Apr 8, 2014.
             Slain by a hog (9 damage)
             ... on Level 7 of the Dungeon.
             The game lasted 00:17:47 (6644 turns).

Sachiko the Grappler (Troll Monk)                   Turns: 6644, Time: 00:17:48

HP  -1/85        AC 10     Str 24      XL: 9   Next:  9%
MP   3/3         EV 12     Int  6      God:
Gold 176         SH  0     Dex 12      Spells:  0 memorised,  8 levels left

rFire  . . .     SeeInvis .       - Unarmed
rCold  . . .     Rnd*Rage +     a - +1 robe
rNeg   . . .     Conserve .     (shield restricted)
rPois  .         rCorr    .     (helmet restricted)
rElec  .         rRot     .     (no cloak)
SustAb . .       Spirit   .     (gloves unavailable)
rMut   .         Warding  .     (boots unavailable)
Gourm  +         Stasis   .     (no amulet)
MR     .....                    r - ring of sustenance
                                h - +4 ring of protection

@: not resistant to hostile enchantments, unstealthy
A: unfitting armour, claws 3, berserk 1, breathe flames 1, fast metabolism 3,
gourmand, low mp 1, regeneration 2, saprovore 2, shaggy fur 1, tough skin 2
a: Breathe Fire


You were on level 7 of the Dungeon.
You were very full.

You visited 2 branches of the dungeon, and saw 8 of its levels.

You collected 403 gold pieces.
You spent 227 gold pieces at shops.

Inventory:

Armour
 a - a +1 robe (worn)
Magical devices
 t - a wand of digging (17)
Comestibles
 b - 5 meat rations
 c - 3 bread rations
 f - an orange
 g - 2 chokos
 l - a cheese
 o - a lemon
 w - 2 rotting chunks of orc flesh
 z - an apple
Scrolls
 d - 2 scrolls of enchant armour
 e - 3 scrolls of magic mapping
 i - 2 scrolls of identify
 j - 4 scrolls of remove curse
 k - a scroll of random uselessness
 m - a scroll of blinking
 p - a scroll of fear
 v - a scroll of fog
 x - a scroll of enchant weapon I {unknown}
Jewellery
 h - a +4 ring of protection (left claw)
 r - a ring of sustenance (right claw)
Potions
 n - a potion of curing
 q - a potion of resistance {unknown}
 u - a potion of poison {unknown}
Books
 s - a book of Necromancy

   Spells                             Type                      Level
   Pain                               Necromancy                   1
   Animate Skeleton                   Necromancy                   1
   Lethal Infusion                    Charms/Necromancy            2
   Vampiric Draining                  Necromancy                   3
   Regeneration                       Charms/Necromancy            3
   Animate Dead                       Necromancy                   4
   Control Undead                     Necromancy                   4


   Skills:
 + Level 4.4 Fighting
 + Level 6.4 Dodging
 - Level 1.1 Stealth
 * Level 9.5 Unarmed Combat


You had 8 spell levels left.
You didn't know any spells.

Dungeon Overview and Level Annotations

Branches:
Dungeon (7/15)             Temple (1/1) D:5

Altars:
Ashenzari
Cheibriados
Dithmenos
Elyvilon
Fedhas
Makhleb
Nemelex Xobeh
Okawaru
Sif Muna
Trog
Vehumet
Xom
Yredelemnul
Zin
The Shining One

Shops:
D:6 =


Innate Abilities, Weirdness & Mutations

You are too large for most types of armour.
You have claws for hands.
Your metabolism is lightning-fast.
You like to eat raw meat.
You heal very quickly.
You can eat rotten meat.
You are covered in fur (AC +1).
You have very tough skin (AC +2).
You tend to lose your temper in combat.
You can breathe flames.
Your magical capacity is low (-10% MP).


Message History

* * * LOW HITPOINT WARNING * * *
The hog bites you!
* * * LOW HITPOINT WARNING * * *
The hog barely misses you.
The hog is no longer bleeding.
The hog misses you. The hog bites you.
* * * LOW HITPOINT WARNING * * *
The hog closely misses you. The hog bites you.
* * * LOW HITPOINT WARNING * * *
Drink which item? (? for menu, Esc to quit)
You feel better. The hog bites you.
* * * LOW HITPOINT WARNING * * *
The hog barely misses you. The hog bites you.
* * * LOW HITPOINT WARNING * * *
The hog bites you.
* * * LOW HITPOINT WARNING * * *
The hog bites you!
You die...

########### #.........# ######
#.#######.## #..Y.## #.#
#.....# #.#...# # #.# ##.###.#
#.##'## # #########.###..# #.#
#.##..# #
#...........(..###.#####.##).#
#
#^#######.#..@hh.Y.......##..'
# #.# #.##...##.####....#%.# #
#.# #.........# #.#.##%%# #
#.# #####.##### #.#.##### #
#.# #.# #...##.# #.# ##'##
#.#.##.# #.# ##...## #...##.#
#.### ##.....## #......#
##.#.## ##.......## ##.#####


You could see 2 hogs and a sheep.

Vanquished Creatures
  A human (D:7)
  An ice beast (D:5)
  2 orc warriors
  A phantom (D:7)
  An ogre (D:4)
  2 giant frogs
  4 scorpions
  A vampire bat (D:4)
  A hippogriff skeleton (D:5)
  4 crimson imps
  5 orc priests
  2 jellies
  Crazy Yiuf (D:2)
  3 hounds
  3 iguanas
  5 orc wizards
  5 worker ants
  A sheep (D:7)
  An ogre skeleton (D:5)
  5 adders
  A scorpion zombie (D:3)
  2 shadow imps
  2 worms
  4 orc skeletons
  A giant eyeball (D:6)
  6 giant geckos
  2 oozes (D:1)
  26 orcs
  A bat zombie (D:5)
  4 giant cockroaches
  16 goblins
  16 hobgoblins
  20 jackals
  12 kobolds
  17 bats
  2 giant newts
  A kobold skeleton (D:4)
  A kobold zombie (D:5)
  A quokka (D:7)
  15 rats
  A rat zombie (D:6)
200 creatures vanquished.

Vanquished Creatures (others)
  An orc wizard (D:7)
1 creature vanquished.

Grand Total: 201 creatures vanquished

Notes
Turn   | Place    | Note
--------------------------------------------------------------
     0 | D:1      | Sachiko, the Troll Monk, began the quest for the Orb.
     0 | D:1      | Reached XP level 1. HP: 22/22 MP: 1/1
   117 | D:1      | Reached XP level 2. HP: 29/29 MP: 1/1
   842 | D:2      | Reached XP level 3. HP: 36/36 MP: 2/2
   930 | D:2      | Found a glowing silver altar of Zin.
  1001 | D:2      | Reached skill level 5 in Unarmed Combat
  1185 | D:2      | Found a shimmering altar of Xom.
  1188 | D:2      | Found a glowing golden altar of the Shining One.
  1206 | D:2      | Found a shadowy altar of Dithmenos.
  1209 | D:2      | Found an iron altar of Okawaru.
  1440 | D:2      | Noticed Crazy Yiuf
  1446 | D:2      | Killed Crazy Yiuf
  1446 | D:2      | Reached XP level 4. HP: 42/44 MP: 2/2
  1835 | D:3      | Gained mutation: You can breathe flames. [potion of mutation]
  1835 | D:3      | Gained mutation: You tend to lose your temper in combat. [potion of mutation]
  1835 | D:3      | Gained mutation: Your magical capacity is low (-10% MP). [potion of mutation]
  2419 | D:3      | Found a radiant altar of Vehumet.
  2521 | D:3      | Reached XP level 5. HP: 52/52 MP: 1/1
  2877 | D:4      | Reached skill level 6 in Unarmed Combat
  2970 | D:4      | Reached XP level 6. HP: 61/61 MP: 2/2
  3315 | D:4      | Noticed an ogre
  3325 | D:4      | Killed an ogre
  3339 | D:4      | Reached skill level 7 in Unarmed Combat
  3340 | D:4      | Reached XP level 7. HP: 35/67 MP: 2/2
  3469 | D:4      | Found a blossoming altar of Fedhas.
  3683 | D:5      | Entered Level 5 of the Dungeon
  4026 | D:5      | Reached skill level 8 in Unarmed Combat
  4026 | D:5      | Reached XP level 8. HP: 78/78 MP: 2/2
  4185 | D:5      | Reached skill level 5 in Dodging
  4442 | D:5      | Found a staircase to the Ecumenical Temple.
  4453 | Temple   | Entered the Ecumenical Temple
  4827 | D:6      | HP: 1/78 [orc/runed mace (8)]
  5076 | D:6      | Found Udghyloet's Jewellery Shop.
  5079 | D:6      | Bought an uncursed ring of sustenance for 227 gold pieces
  5695 | D:7      | Reached skill level 9 in Unarmed Combat
  6373 | D:7      | Reached XP level 9. HP: 45/85 MP: 3/3
  6628 | D:7      | HP: 3/85 [hog (4)]
  6644 | D:7      | Slain by a hog

Action                   |  1- 3 |  4- 6 |  7- 9 || total
-------------------------+-------+-------+-------++-------
Melee: Unarmed           |   124 |   149 |   306 ||   579
Evoke: Wand              |       |       |     1 ||     1
  Use: Scroll            |     8 |     2 |     2 ||    12
       Potion            |       |     7 |     1 ||     8
 Stab: Sleeping          |       |     2 |     1 ||     3
